 Dungeon Crawl Stone Soup version 0.29-a0-22-gbf593b16ee (webtiles) character file.

Game seed: 12112668717792397115

11 issech the Cudgeller (level 2, -8/29 HPs)
             Began as a Troll Monk on Jan 29, 2022.
             Mangled by Sigmund (11 damage)
             ... on level 2 of the Dungeon.
             The game lasted 00:02:10 (641 turns).

issech the Cudgeller (Troll Monk)                    Turns: 641, Time: 00:02:11

Health: -8/29      AC:  5    Str: 18    XL:     2   Next: 17%
Magic:  1/1        EV: 10    Int:  6    God:
Gold:   0          SH:  0    Dex: 12    Spells: 1/1 levels left

rFire   . . .      SeeInvis .   a - +0 mace
rCold   . . .      Faith    .   (no shield)
rNeg    . . .      Spirit   .   b - +0 robe
rPois   .          Reflect  .   (helmet restricted)
rElec   .          Harm     .   e - +0 cloak
rCorr   .          Rampage  .   (gloves unavailable)
Will    .....                   (boots unavailable)
Stlth   ++........              (no amulet)
HPRegen 0.89/turn               (no ring)
MPRegen 0.07/turn               (no ring)

@: no status effects
A: large, unfitting armour, claws 3, regeneration 1, shaggy fur 1, tough skin 1
a: no special abilities


You were on level 2 of the Dungeon.
You visited 1 branch of the dungeon, and saw 2 of its levels.

Inventory:

Hand Weapons
 a - a +0 mace (weapon)
Missiles
 i - 33 arrows
 l - 20 stones (quivered)
 n - 5 poisoned darts
Armour
 b - a +0 robe (worn)
 e - a +0 cloak (worn)
Scrolls
 d - a scroll of blinking {unknown}
 h - a scroll of teleportation {unknown}
 j - a scroll of summoning {unknown}
 k - a scroll of noise {unknown}
 m - a scroll of identify {unknown}
 o - 2 scrolls of fog {unknown}
Potions
 c - a potion of cancellation {unknown}
 f - a potion of curing {unknown}
 g - a potion of mutation {unknown}


   Skills:
 + Level 2.5 Fighting
 + Level 2.8 Maces & Flails
 + Level 2.7 Dodging
 + Level 1.1 Stealth


You had one spell level left.
You didn't know any spells.
Your spell library was empty.

Dungeon Overview and Level Annotations

Branches:
Dungeon (2/15)

Altars:

Annotations:
D:2 Sigmund


Innate Abilities, Weirdness & Mutations

You are too large for most types of armour.
You have claws for hands.
Your natural rate of healing is unusually fast.
You are covered in fur. (AC +1)
You have tough skin. (AC +1)


Message History

Sigmund gestures at you while chanting. The magic dart hits you.
Sigmund points at you and mumbles some strange words.
You are confused.
You bump into the rock wall.
Sigmund breathes a few words.
Sigmund's hands start flickering wildly.
You bump into the rock wall.
You feel less confused.
Sigmund gestures wildly while chanting.
Sigmund flickers and vanishes!
Deactivating autopickup; reactivate with Ctrl-A.
You closely miss something. Something hits you but does no damage.
You hit something.
You hear some strange, mumbled words.
A puff of flame appears from out of thin air!
The puff of flame hits you!
You hit something.
A rat comes into view.
Something hits you but does no damage.
You hit something. Something hits you.
You miss something. Something hits you.
You sock something!
You hear some strange, mumbled words.
You are confused.
Something hits you but does no damage.
You're too confused to move!
Something hits you!
* * * LOW HITPOINT WARNING * * *
The rat bites you but does no damage. Something hits you but does no damage.
The rat bites you.
* * * LOW HITPOINT WARNING * * *
Something hits you.
* * * LOW HITPOINT WARNING * * *
The rat bites you.
* * * LOW HITPOINT WARNING * * *
You feel less confused. The rat bites you.
* * * LOW HITPOINT WARNING * * *
Something hits you!
You die...

######......##
#.............
#......##.####
#.....##..
#####.##.# #.##.#
##.#..#######
#..#....#...######
#.{@..............
###.r............
#...........#
#...........#
##......<..#
##...#...##
#########


You could see a rat.

Vanquished Creatures
  2 bats (D:1)
  2 endoplasms (D:1)
  3 goblins (D:1)
  2 hobgoblins (D:2)
  A frilled lizard (D:1)
10 creatures vanquished.

Vanquished Creatures (others)
  5 withered plants (D:2)
5 creatures vanquished.

Grand Total: 15 creatures vanquished

Notes
Turn   | Place    | Note
-------+----------+-------------------------------------------
     0 | D:1      | issech the Troll Monk began the quest for the Orb.
     0 | D:1      | Reached XP level 1. HP: 22/22 MP: 0/0
   378 | D:1      | Reached XP level 2. HP: 29/29 MP: 1/1
   611 | D:2      | Noticed Sigmund
   641 | D:2      | Mangled by Sigmund

Illustrated notes

Levels and vault maps discovered:
D:1:      scummos_arrival_simple_crosswalls, layout_basic
D:2:      layout_rooms, ebering_ecumenical_altar_petrified, uniq_sigmund

Action                   || total
-------------------------++-------
Melee: Mace              ||    45
Armor: Robe              ||    25
Dodge: Dodged            ||    23

Table legend: (Time is in decaauts)
 A = Elapsed time spent in this place.
 B = Non-inter-level travel time spent in this place.
 C = Inter-level travel time spent in this place.
 D = Time resting spent in this place.
 E = Time spent auto-exploring this place.
 F = Levels seen in this place.
 G = Mean time per level.
                   A        B        C        D        E       F      G
               +--------+--------+--------+--------+--------+-----+--------+
         Total |    652 |    652 |      0 |      0 |    277 |   2 |  326.0 |
       Dungeon |    652 |    652 |      0 |      0 |    277 |   2 |  326.0 |
               +--------+--------+--------+--------+--------+-----+--------+

Top non-repeatable levels by time:
     D:1: 583 daAuts
     D:2: 68 daAuts
